 Dungeon Crawl Stone Soup version 0.29.1-1-gd02db6906a (webtiles) character file.

Game seed: 1573705788128451508

62135 Godmorgon the Stormcaller (level 15, -5/88 HPs)
             Began as a Tengu Air Elementalist on Oct 14, 2022.
             Was a High Priest of Vehumet.
             Shot with an arrow by Nessos (24 damage)
             ... on level 13 of the Dungeon.
             The game lasted 02:47:52 (34809 turns).

Godmorgon the Stormcaller (Tengu Air Elementalist) Turns: 34809, Time: 02:47:53

Health: -5/88      AC:  8    Str: 15    XL:     15   Next: 5%
Magic:  17/31      EV: 19    Int: 25    God:    Vehumet [*****.]
Gold:   1212       SH:  6    Dex: 21    Spells: 2/37 levels left

rFire   . . .      SeeInvis .   a - +4 dagger (spect)
rCold   . . .      Faith    .   i - +0 buckler
rNeg    . . .      Spirit   .   x - +0 robe of Polish {Str+5 Archmagi}
rPois   .          Reflect  .   b - +2 hat {Will+}
rElec   .          Harm     .   z - +1 cloak
rCorr   .          Rampage  .   v - +0 pair of gloves
Will    ++...      Archmagi +   (boots unavailable)
Stlth   ++........              e - amulet of the acrobat
HPRegen 0.24/turn               k - ring "Kaetung" {EV+4 Int+4}
MPRegen 0.22/turn               B - +6 ring of dexterity

@: flying quickly and evasively, quick
A: beak, talons 3, nimble flight
a: Renounce Religion


You were on level 13 of the Dungeon.
You worshipped Vehumet.
Vehumet was extremely pleased with you.
You visited 3 branches of the dungeon, and saw 19 of its levels.
You also visited: Sewer and Bailey.

You collected 1448 gold pieces.
You spent 236 gold pieces at shops.

Inventory:

Hand Weapons
 a - a +4 spectral dagger (weapon)
Missiles
 t - 6 throwing nets
 D - 16 boomerangs
 N - 25 javelins
 Q - a curare-tipped dart
Armour
 b - a +2 hat of willpower (worn)
 i - a +0 buckler (worn)
 v - a +0 pair of gloves (worn)
 x - the +0 robe of Polish (worn) {Str+5 Archmagi}
   (You found it on level 4 of the Dungeon)

   Str:       It affects your strength (+5).
   Archmagi:  It increases the power of your magical spells.
 z - a +1 cloak (worn)
Jewellery
 e - an amulet of the acrobat (around neck)
 k - the ring "Kaetung" (left hand) {EV+4 Int+4}
   (You acquired it on level 5 of the Lair of Beasts)

   [ring of evasion]

   EV:        It affects your evasion (+4).
   Int:       It affects your intelligence (+4).
 B - a +6 ring of dexterity (right hand)
 S - a ring of poison resistance
 U - a ring of ice
 Z - a ring of fire
Wands
 f - a wand of digging (4)
 p - a wand of flame (15)
 T - a wand of iceblast (22)
 Y - a wand of light (5)
Scrolls
 c - 3 scrolls of teleportation
 d - a scroll of blinking
 g - 4 scrolls of vulnerability
 h - 8 scrolls of fear
 u - 4 scrolls of magic mapping
 w - 5 scrolls of immolation
 y - 3 scrolls of poison
 E - 4 scrolls of fog
 F - a scroll of amnesia
 G - a scroll of silence
 O - 3 scrolls of identify
 W - a scroll of summoning
Potions
 j - 4 potions of magic
 l - 11 potions of curing
 m - 5 potions of ambrosia
 o - 2 potions of attraction
 q - a potion of berserk rage
 r - 6 potions of lignification
 s - 5 potions of heal wounds
 H - 2 potions of invisibility
 I - a potion of brilliance
 J - 4 potions of haste
 L - 6 potions of might
 P - 2 potions of resistance
Miscellaneous
 A - a lightning rod (4/4)
 R - a phial of floods


   Skills:
 + Level 8.1 Fighting
 * Level 10.0 Armour
 - Level 2.1 Dodging
 - Level 2.0 Stealth
 - Level 5.0 Shields
 + Level 11.7 Spellcasting
 * Level 15.2 Conjurations
 - Level 5.0 Ice Magic
 + Level 18.1 Air Magic
 + Level 1.6 Earth Magic


You had 2 spell levels left.
You knew the following spells:

 Your Spells              Type           Power      Damage    Failure   Level
a - Airstrike             Air            51%        2d(8-24)  1%          4
c - Freezing Cloud        Conj/Ice/Air   43%        6-21      1%          5
d - Static Discharge      Conj/Air       98%        3-16/arc  0%          2
f - Flame Wave            Conj/Fire      68%        2d15      1%          4
i - Iron Shot             Conj/Erth      35%        9d7       7%          6
l - Lightning Bolt        Conj/Air       49%        1d69      1%          5
o - Orb of Destruction    Conj           47%        9d12      2%          7
s - Shock                 Conj/Air       100%       1d9       0%          1
F - Foxfire               Conj/Fire      100%       2x1d9     1%          1

Your spell library contained the following spells:

 Spells                   Type           Power      Damage    Failure   Level
 Ensorcelled Hibernation  Hex/Ice        80%        N/A       2%          2
 Scorch                   Fire           42%        2d7       2%          2
 Blink                    Tloc           42%        N/A       8%          2
 Swiftness                Air            100%       N/A       0%          3
 Dazzling Flash           Conj/Hex       100%       N/A       1%          3
 Frozen Ramparts          Ice            100%       1d16      1%          3
 Ozocubu's Armour         Ice            56%        N/A       1%          3
 Stone Arrow              Conj/Erth      100%       3d13      1%          3
 Maxwell's Capacitive Co  Air            51%        ∞         5%          8
 Confusing Touch          Hex            21%        N/A       16%         3
 Lesser Beckoning         Tloc           21%        N/A       16%         3
 Spider Form              Tmut/Pois      21%        N/A       16%         3
 Summon Guardian Golem    Hex/Summ       21%        N/A       16%         3
 Ice Form                 Ice/Tmut       40%        N/A       19%         4
 Summon Ice Beast         Ice/Summ       40%        N/A       19%         4
 Lee's Rapid Deconstruct  Erth           17%        3d11*     19%         5
 Yara's Violent Unravell  Hex/Tmut       10%        3d6       34%         5
 Animate Armour           Summ/Erth      56%        N/A       36%         4
 Leda's Liquefaction      Hex/Erth       14%        N/A       36%         4
 Anguish                  Hex/Necr       10%        N/A       45%         4
 Metabolic Englaciation   Hex/Ice        20%        N/A       45%         5
 Ozocubu's Refrigeration  Ice            28%        4d13      78%         7
 Blade Hands              Tmut           10%        N/A       82%         5
 Manifold Assault         Tloc           21%        N/A       82%         5
 Simulacrum               Ice/Necr       20%        N/A       96%         6
 Statue Form              Tmut/Erth      18%        N/A       99%         6
 Summon Cactus Giant      Summ           10%        N/A       100%        6
 Enfeeble                 Hex            10%        N/A       100%        7


Dungeon Overview and Level Annotations

Branches:
Dungeon (13/15)            Temple (1/1) D:4            Lair (5/5) D:9
 Shoals (0/4) Lair:3        Snake (0/4) Lair:2        Slime (0/5) Lair:5
    Orc (0/2) D:11         Vaults (0/5) D:13          Sewer (visited)
 Bailey (visited)

Altars:
Ashenzari
Cheibriados
Dithmenos
Elyvilon
Fedhas
Gozag
Hepliaklqana
Kikubaaqudgha
Makhleb
Nemelex Xobeh
Okawaru
Qazlal
Ru
Sif Muna
Trog
Uskayaw
Vehumet
Wu Jian
Xom
Yredelemnul
Zin
The Shining One
Lugonu

Shops:
D:1 ?   D:6 :

Portals:
Abyss: Lair:5
Trove: D:12 (give +4 fire dragon scales)

Annotations:
D:11 1 runed translucent door
D:13 Nessos


Innate Abilities, Weirdness & Mutations

You have a beak for a mouth.
You have claws for feet.
Your magical nature lets you fly swiftly and evasively.


Message History

Nessos is heavily wounded.
Nessos mumbles some strange words.
Nessos seems to speed up.
Nessos shoots an arrow.
The arrow closely misses you.
Casting: Airstrike (safe; 1% risk of failure)
Confirm with . or Enter, or press ? or * to list all spells.
Aiming: Airstrike (safe; 1% risk of failure)
Press: ? - help, Dir - move target, f/p - Nessos
Aim: Nessos, wielding a +2 longbow of flaming and wearing a +0 barding (heavily wounded, fast, empty space bonus: 6/8)
You feel a surge of power!
The air twists around and strikes Nessos!!
Nessos is severely wounded.
Nessos shoots an arrow.
The arrow misses you.
Nessos shoots an arrow.
The arrow hits you!!
* * * LOW HITPOINT WARNING * * *
The arrow burns you.
You are poisoned.
* * * LOW HITPOINT WARNING * * *
Okay, then.
Press: ? - help, v - describe, . - travel
Here: Nessos, wielding a +2 longbow of flaming and wearing a +0 barding (severely wounded, fast)
The floor.
Unknown command.
You feel much better.
You feel very sick.
Nessos mumbles some strange words.
Nessos blinks!
Nessos shoots an arrow.
The arrow hits you!!
* * * LOW HITPOINT WARNING * * *
The arrow burns you.
You are lethally poisoned!
* * * LOW HITPOINT WARNING * * *
Okay, then.
Blink to where?
Press: ? - help, Dir - move target, p - Nessos
As you read the scroll of blinking, it crumbles to dust.
* * * LOW HITPOINT WARNING * * *
You feel extremely sick.
You feel better.
Nessos stands on their hind legs for a moment.
Nessos shoots an arrow.
The arrow hits you!!
You die...

###+#'# #..................
......C #.......#.....###.#
....... #..............∩#..
....... #........#......#.#
....... #.....##.#.........
..^....######.##.#.........
+#C....C.§..#####.....
#.#.#####...### .....
+...#.@.......# #..
#.###.#####.#c### .. #.# #.#
#.#...#.###.# #.# #.#
#.###c#.#...#
####.###.#####.#...#.....# ..#
#........#.........#.....#
..######+##.#####.###.....#.....#
..#............##.###.#.#.#......
..#........###.##.........#......


You could see Nessos (fast).

Vanquished Creatures
  Rupert (Lair:3)
  A quicksilver dragon (shapeshifter) (Lair:5)
  Gastronok (D:11)
  Harold (D:11)
  5 hydras
  A boulder beetle (D:13)
  4 two-headed ogres
  A two-headed ogre (shapeshifter) (Lair:5)
  2 tengu warriors (D:13)
  4 thrashing horrors (Lair:5)
  A sun demon (D:12)
  A soul eater (D:12)
  A deep elf pyromancer (D:13)
  A wolf spider (Lair:4)
  5 cyclopes
  2 ugly things
  2 manticores (D:11)
  3 black mambas
  A rust devil (D:12)
  Maurice (D:9)
  5 elephants
  An orange demon (D:12)
  A black mamba (shapeshifter) (Lair:5)
  A torpor snail (shapeshifter) (D:11)
  2 gargoyles
  A torpor snail (Lair:4)
  8 cane toads
  2 smoke demons (D:12)
  Psyche (D:11)
  9 komodo dragons
  A kobold demonologist (D:12)
  A hellwing (D:12)
  5 rime drakes
  2 ice devils (D:12)
  3 polar bears
  A red devil (D:12)
  2 ancient zymes (Lair:5)
  A hornet (D:10)
  A troll (D:12)
  Grinder (D:5)
  6 dream sheep
  11 slime creatures
  26 blink frogs
  A raiju (shapeshifter) (D:13)
  3 shadows
  A centaur simulacrum (D:13)
  11 small abominations (Lair:5)
  A spriggan (shapeshifter) (D:13)
  36 yaks
  2 ynoxinuls (Lair:5)
  3 wyverns
  4 basilisks
  2 steam dragons
  A redback (shapeshifter) (D:13)
  3 chaos spawn (Lair:5)
  3 vampire mosquitoes (D:13)
  2 nagas (Lair:2)
  13 water moccasins
  16 orc warriors
  3 ice beasts
  2 large abominations (Lair:5)
  5 black bears
  2 sky beasts
  4 ogres
  4 boggarts (Lair:3)
  9 wolves
  17 centaurs
  3 phantoms
  4 kobold brigands
  12 bullfrogs
  Blork the orc (D:6)
  A gnoll sergeant (D:10)
  4 scorpions
  3 wights (D:8)
  5 howler monkeys
  4 electric eels
  A quasit (D:11)
  6 jellies
  8 orc priests
  3 hounds
  2 gnoll boudas
  A scorpion zombie (D:3)
  Natasha (thrice) (D:2)
  10 orc wizards
  5 iguanas
  A hound zombie (D:3)
  A hound skeleton (D:3)
  19 gnolls
  15 adders
  2 river rats (Sewer)
  A shadow imp (D:8)
  A white imp (D:7)
  3 ufetubi
  3 adder skeletons (D:3)
  3 worms
  3 dart slugs
  66 orcs
  26 ball pythons
  5 bats
  6 endoplasms
  4 giant cockroaches
  8 goblins
  8 hobgoblins
  3 jackals (D:4)
  20 kobolds
  7 quokkas
  6 frilled lizards
  A goblin skeleton (D:8)
  2 goblin zombies (D:8)
  2 hobgoblin zombies (D:8)
  A kobold zombie (D:8)
  22 rats
  A spectral orc (D:7)
595 creatures vanquished.

Vanquished Creatures (others)
  A howler monkey (D:11)
  An orc wizard (D:6)
  A kobold (D:7)
  A butterfly (D:5)
  A demonic plant (D:12)
  173 foxfires
  33 fungi
  62 plants
  A withered plant (D:3)
274 creatures vanquished.

Grand Total: 869 creatures vanquished

Notes
Turn   | Place    | Note
-------+----------+-------------------------------------------
     0 | D:1      | Godmorgon the Tengu Air Elementalist began the quest for
                  | the Orb.
     0 | D:1      | Reached XP level 1. HP: 10/10 MP: 4/4
    45 | D:1      | Reached XP level 2. HP: 15/15 MP: 0/6
    48 | D:1      | Learned a level 2 spell: Static Discharge
   748 | D:1      | Found Weangesm's Magic Scroll Emporium.
   757 | D:1      | Bought a scroll of identify for 22 gold pieces
  1037 | D:1      | Reached XP level 3. HP: 16/19 MP: 2/7
  1448 | D:2      | Reached skill level 5 in Air Magic
  1775 | D:2      | Found a faded altar of an unknown god.
  2236 | D:2      | Noticed Natasha
  2241 | D:2      | Killed Natasha
  2242 | D:2      | Reached XP level 4. HP: 15/24 MP: 1/8
  2421 | D:2      | You fall into a shaft and drop 1 floor!
  2471 | D:3      | Reached skill level 1 in Shields
  2727 | D:2      | Noticed Natasha
  2786 | D:2      | Killed Natasha
  3052 | D:2      | Gained mutation: Your magical nature lets you fly swiftly
                  | and evasively. [Tengu growth]
  3052 | D:2      | Reached XP level 5. HP: 21/28 MP: 4/9
  3148 | D:2      | Learned a level 4 spell: Airstrike
  3195 | D:2      | Noticed Natasha
  3202 | D:2      | Killed Natasha
  4018 | D:3      | Reached skill level 6 in Air Magic
  4127 | D:3      | Reached XP level 6. HP: 24/32 MP: 2/11
  4647 | D:3      | Found a shimmering altar of Xom.
  4670 | D:3      | Found a snail-covered altar of Cheibriados.
  4931 | D:3      | Found a broken altar of Ashenzari.
  5537 | D:3      | Found a shimmering blue altar of Sif Muna.
  5865 | D:4      | Found a staircase to the Ecumenical Temple.
  5874 | Temple   | Entered the Ecumenical Temple
  5883 | D:4      | Identified the +0 robe of Polish {Str+5 Archmagi}
  5976 | Temple   | Became a worshipper of Vehumet
  6102 | D:4      | Noticed a black bear
  6113 | D:4      | Killed a black bear
  6114 | D:4      | Reached skill level 5 in Conjurations
  6114 | D:4      | Reached XP level 7. HP: 36/36 MP: 6/12
  6803 | D:5      | Entered Level 5 of the Dungeon
  6807 | D:5      | Reached skill level 7 in Air Magic
  7184 | D:5      | Noticed Grinder
  7186 | D:5      | Paralysed by Grinder for 5 turns
  7563 | D:1      | Bought a scroll of identify for 22 gold pieces
  7563 | D:1      | Bought a scroll of brand weapon for 104 gold pieces
  7563 | D:1      | Bought a scroll of vulnerability for 44 gold pieces
  7563 | D:1      | Bought a scroll of fog for 44 gold pieces
  7842 | D:5      | Killed Grinder
  7843 | D:5      | Reached skill level 8 in Air Magic
  7843 | D:5      | Reached XP level 8. HP: 29/41 MP: 7/14
  8002 | D:5      | Found a white marble altar of Elyvilon.
  8520 | D:6      | Reached * piety under Vehumet
  8520 | D:6      | Offered knowledge of Foxfire by Vehumet.
  8603 | D:6      | Learned a level 1 spell: Foxfire
  8676 | D:6      | Found Byidikh's Book Emporium.
  8739 | D:6      | Reached skill level 5 in Shields
  8845 | D:6      | Found a glowing drain.
  8893 | Sewer    | Entered a sewer
  9083 | Sewer    | Reached ** piety under Vehumet
  9083 | Sewer    | Offered knowledge of Sandblast by Vehumet.
  9173 | Sewer    | Reached skill level 9 in Air Magic
  9217 | Sewer    | Reached XP level 9. HP: 38/45 MP: 11/16
  9324 | D:6      | Noticed Blork the orc
  9336 | D:6      | Killed Blork the orc
  9963 | D:7      | Reached skill level 10 in Air Magic
  9999 | D:7      | Offered knowledge of Conjure Flame by Vehumet.
 10015 | D:7      | Learned a level 5 spell: Lightning Bolt
 10201 | D:7      | Found a flagged portal.
 10203 | D:7      | Reached *** piety under Vehumet
 10263 | Bailey   | Entered a bailey
 10333 | Bailey   | Offered knowledge of Iskenderun's Mystic Blast by Vehumet.
 10348 | Bailey   | Reached skill level 5 in Spellcasting
 10883 | Bailey   | Reached skill level 11 in Air Magic
 10931 | Bailey   | Reached skill level 10 in Conjurations
 11307 | Bailey   | Reached XP level 10. HP: 28/50 MP: 5/19
 11477 | Bailey   | Reached **** piety under Vehumet
 11691 | Bailey   | Reached skill level 1 in Fighting
 12027 | Bailey   | Reached skill level 12 in Air Magic
 12118 | Bailey   | Identified the +3 arbalest of Xom's Inspiration {freeze,
                  | Str+2}
 12121 | Bailey   | Identified the +6 chain mail of Negation {rN+ Str+5}
 12314 | D:7      | Offered knowledge of Freezing Cloud by Vehumet.
 12321 | D:7      | Learned a level 5 spell: Freezing Cloud
 12431 | D:7      | Identified the +2 chain mail of Dentan {+Blink Str-4 Dex+7}
 12469 | D:7      | Found a blossoming altar of Fedhas.
 12800 | D:7      | Found an iron altar of Okawaru.
 12833 | D:7      | Found a basalt altar of Yredelemnul.
 13558 | D:8      | Found a shadowy altar of Dithmenos.
 13914 | D:8      | Found a glowing golden altar of the Shining One.
 13920 | D:8      | Reached ***** piety under Vehumet
 13920 | D:8      | Offered knowledge of Fulminant Prism by Vehumet.
 14286 | D:8      | Reached skill level 13 in Air Magic
 14452 | D:8      | Reached XP level 11. HP: 60/60 MP: 10/22
 14635 | D:8      | Identified the +5 ring mail "Ydug" {rF- Str+4}
 14848 | D:8      | Identified the +10 glaive "Boafyefy" {venom, rPois Str+2
                  | SInv}
 14993 | D:9      | Found an opulent altar of Gozag.
 15061 | D:9      | Noticed Maurice
 15066 | D:9      | Killed Maurice
 15349 | D:9      | Found a bloodstained altar of Trog.
 15486 | D:9      | Reached skill level 1 in Ice Magic
 15712 | D:9      | Found a sacrificial altar of Ru.
 15830 | D:9      | Noticed a two-headed ogre
 15832 | D:9      | Killed a two-headed ogre
 15871 | D:9      | Found a staircase to the Lair.
 16009 | D:10     | Entered Level 10 of the Dungeon
 16469 | D:10     | Found a faded altar of an unknown god.
 16469 | D:10     | Found a faded altar of an unknown god.
 16469 | D:10     | Found a hazy altar of Hepliaklqana.
 17486 | Lair:1   | Entered Level 1 of the Lair of Beasts
 17752 | Lair:1   | Reached skill level 1 in Armour
 17752 | Lair:1   | Reached skill level 14 in Air Magic
 19246 | Lair:2   | You are sucked into a shaft and drop 1 floor!
 19416 | Lair:3   | Reached XP level 12. HP: 68/68 MP: 10/25
 19738 | Lair:3   | Reached skill level 5 in Fighting
 19890 | Lair:2   | Found a staircase to the Snake Pit.
 19894 | Lair:2   | Noticed a four-headed hydra
 20449 | Lair:2   | Killed a four-headed hydra
 20450 | Lair:2   | Reached skill level 15 in Air Magic
 21235 | Lair:2   | Identified the +11 chain mail of Okawaru's Generosity
                  | {rElec}
 21748 | Lair:3   | Noticed a four-headed hydra
 21748 | Lair:3   | Noticed a seven-headed hydra
 21842 | Lair:3   | Offered knowledge of Irradiate by Vehumet.
 21978 | Lair:3   | Killed a four-headed hydra
 22175 | Lair:3   | Noticed Rupert
 22181 | Lair:3   | Killed Rupert
 22192 | Lair:3   | Found a staircase to the Shoals.
 22246 | Lair:3   | Reached skill level 5 in Armour
 22248 | Lair:3   | Reached XP level 13. HP: 59/74 MP: 2/27
 22577 | Lair:3   | Reached skill level 10 in Spellcasting
 23118 | Lair:3   | Reached skill level 16 in Air Magic
 24047 | Lair:4   | Identified the +3 sling "Beylagie" {venom, Str+4 Dex+4}
 25241 | Lair:5   | Entered Level 5 of the Lair of Beasts
 25792 | Lair:5   | Identified a scroll of acquirement
 25794 | Lair:5   | Acquired the ring "Kaetung" {EV+4 Int+4}
 25986 | Lair:5   | Found a staircase to the Slime Pits.
 26584 | Lair:5   | Reached skill level 5 in Ice Magic
 26957 | Lair:5   | Noticed a quicksilver dragon
 26988 | Lair:5   | Noticed an eleionoma
 26988 | Lair:5   | a quicksilver dragon changed into an eleionoma
 26993 | Lair:5   | Noticed a quicksilver dragon
 26993 | Lair:5   | an eleionoma changed into a quicksilver dragon
 27223 | Lair:5   | Killed a quicksilver dragon
 27908 | Lair:5   | Reached skill level 17 in Air Magic
 27966 | Lair:5   | Reached XP level 14. HP: 82/82 MP: 8/30
 28700 | Lair:5   | Got the Handbook of the Petrified Oath
 29017 | Lair:5   | Found a corrupted altar of Lugonu.
 29017 | Lair:5   | Found a one-way gate to the infinite horrors of the Abyss.
 29422 | D:10     | Learned a level 4 spell: Flame Wave
 30806 | D:11     | Noticed Gastronok
 30812 | D:11     | Killed Gastronok
 31130 | D:11     | Found a runed translucent door.
 31221 | D:11     | Noticed a fire giant
 31222 | D:11     | Noticed an orc warlord
 31370 | D:11     | Noticed Psyche
 31373 | D:11     | Killed Psyche
 31382 | D:11     | Noticed Harold
 31389 | D:11     | Found a staircase to the Orcish Mines.
 31390 | D:11     | Killed Harold
 32215 | D:12     | Learned a level 6 spell: Iron Shot
 32905 | D:12     | Offered knowledge of Orb of Destruction by Vehumet.
 32929 | D:12     | Learned a level 7 spell: Orb of Destruction
 33156 | D:12     | Found a portal to a secret trove of treasure.
 33295 | D:12     | Reached skill level 1 in Earth Magic
 33667 | D:13     | Reached skill level 18 in Air Magic
 33670 | D:13     | Reached skill level 15 in Conjurations
 34228 | D:13     | Reached XP level 15. HP: 69/88 MP: 18/31
 34619 | D:13     | Found a gate to the Vaults.
 34674 | D:13     | Reached skill level 10 in Armour
 34799 | D:13     | Noticed Nessos
 34809 | D:13     | Shot with an arrow by Nessos

Illustrated notes

Levels and vault maps discovered:
D:1:      scummos_arrival_hexagon, layout_loops_cross, serial_shops,
          nicolae_shop_hallway_plus, serial_bayou_pond_e
D:2:      layout_basic, dreamdust_ecumenical_altar_grove, uniq_natasha
D:3:      layout_basic, lemuel_tele_altar, mainiacjoe_overflow_paths,
          kennysheep_orc_sif_temple, mainiacjoe_overflow_brackets,
          serial_undead, serial_undead_c, serial_undead_d, serial_undead_b,
          serial_undead_a, columned_hall_lemuel
D:4:      layout_basic, temple_fountains
D:5:      layout_rooms, nicolae_elyvilon_peaceful_grove, uniq_grinder
D:6:      layout_basic, gup_sewer_entry_glass, serial_shops, shop,
          uniq_blork_the_orc
D:7:      layout_rooms, yredelemnul_forgotten_temple_becter,
          overflow_temple_1_default, fedhas_altar_2, enter_bailey_4,
          grunt_ogre_cave, minmay_lizard_king
D:8:      layout_rooms, nicolae_dithmenos_shadow_blocks,
          nicolae_tso_besieged_by_evil, disabler_island
D:9:      layout_loops_cross, trog_butcher_becter,
          nicolae_ru_the_path_less_chosen, lemuel_doored_altar,
          lair_entry_dummy, uniq_maurice
D:10:     layout_basic, nicolae_hepliaklqana_ecumenical_no_more
D:11:     layout_irregular_city, hiddenorc1_lemuel, minivault_13, uniq_harold,
          uniq_gastronok, uniq_psyche
D:12:     layout_cross, serial_demonic, serial_demonic_d, serial_demonic_g,
          serial_demonic_e, serial_demonic_a, enter_trove_3
D:13:     layout_basic, david_vaults_2, uniq_nessos
Temple:   hellmonk_temple_beads
Lair:1:   layout_layer_cave, dreamdust_gnoll_shepherd
Lair:2:   layout_cellular_growth, guppyfry_snake_entry_garden
Lair:3:   layout_cave_pods, shoals_dummy_entry, chequers_serial_rivers_small_a,
          st_stairs_8, kilobyte_rumbling_trees, lemuel_fruit_tree,
          grunt_megastairs_2, uniq_rupert
Lair:4:   layout_misc_corridors, nicolae_lair_run_with_the_wolves
Lair:5:   hellmonk_lair_end_abyssal_woods, layout_loops_ring,
          minmay_slime_entry_pillars, grunt_megastairs_5

Skill      XL: |  1  2  3  4  5  6  7  8  9 10 11 12 13 14 15 |
---------------+----------------------------------------------+-----
Conjurations   | 2 3 4 5 6 8 10 11 12 13 15 | 15.2
Air Magic      | 5 6 8 9 11 13 14 15 17 18 | 18.1
Shields        | 1 2 3 4 5 |  5.0
Spellcasting   | 3 4 5 7 8 9 11 | 11.7
Fighting       | 3 4 6 7 8 |  8.1
Ice Magic      | 2 4 5 |  5.0
Armour         | 2 5 7 9 10 | 10.0
Earth Magic    | 1 |  1.6
Dodging        | |  2.1
Stealth        | |  2.0

Action                   |  1- 3 |  4- 6 |  7- 9 | 10-12 | 13-15 || total
-------------------------+-------+-------+-------+-------+-------++-------
Melee: Short sword       |     6 |       |       |       |       ||     6
       Peck              |     1 |       |       |     7 |     2 ||    10
       Dagger            |     7 |     9 |     9 |    20 |    10 ||    55
       Kick              |     2 |     5 |     2 |     6 |     2 ||    17
 Cast: Shock             |    26 |    52 |    70 |    11 |       ||   159
       Static Discharge  |    22 |    46 |    48 |    13 |    12 ||   141
       Foxfire           |       |       |    82 |    16 |     3 ||   101
       Airstrike         |       |       |    44 |   234 |   364 ||   642
       Lightning Bolt    |       |       |       |    36 |    44 ||    80
       Freezing Cloud    |       |       |       |     1 |    27 ||    28
       Flame Wave        |       |       |       |       |     5 ||     5
       Orb of Destructio |       |       |       |       |     1 ||     1
  Use: Scroll            |     2 |     3 |     7 |    13 |    10 ||    35
       Potion            |       |     1 |     1 |     1 |     5 ||     8
 Stab: Sleeping          |       |       |       |     1 |       ||     1
Armor: Robe              |     2 |    10 |    26 |    14 |    22 ||    74
Dodge: Dodged            |    19 |    32 |    50 |    52 |   107 ||   260
Block: Buckler           |       |     1 |    16 |    19 |    32 ||    68
